[Event "*** Titled Tuesday Blitz"]
[Site "Chess.com"]
[Date "2021.03.30"]
[Round "5"]
[White "chessmause"]
[Black "Piotrek1979"]
[Result "0-1"]
[WhiteElo "2214"]
[BlackElo "2320"]
[TimeControl "180+1"]
[EndTime "10:54:22 PDT"]
[Termination "Piotrek1979 won by resignation"]

1. e4 e6 2. d3 c5 3. g3 Nc6 4.
Bg2 g6 5. f4 Bg7 6. Nf3 d5 7.
Nbd2 Nge7 8. O-O O-O 9. Nh4 b5 10. g4 c4 11. f5 dxe4 12. Bxe4 Nd5 13. Ndf3 c3 14. Rb1 cxb2 15. Bxb2 Nc3 16. Bxc3 Bxc3 17.
Bxc6 Qb6+ 18. Kh1 Qxc6 19. d4 Bb7 20. Qd3 b4 21. fxg6 fxg6 22. Nxg6 Rxf3 23. Ne7+ Kg7 24. Nxc6 Rxd3 25. cxd3 Bxc6+ 26. Kg1 Bxd4+ 27. Rf2 Rf8 28. Rf1 Rf4 29. h3 a5 0-1

[Event "*** Titled Tuesday Blitz"]
[Site "Chess.com"]
[Date "2021.03.30"]
[Round "5"]
[White "TosicSrecko"]
[Black "Bhagya_2312"]
[Result "1-0"]
[WhiteElo "2316"]
[BlackElo "2157"]
[TimeControl "180+1"]
[EndTime "10:54:24 PDT"]
[Termination "TosicSrecko won by resignation"]

1. d4 f5 2. e4 fxe4 3. Nc3 Nf6 4. Bg5 c6 5. f3 d5 6. fxe4 dxe4 7. Bc4 Bf5 8. Nge2 Nbd7 9. O-O e6 10. Nf4 Qe7 11.
h3 Nb6 12. Bb3 O-O-O 13. g4 Bg6 14. Nxe6 Nbd5 15. Nxd8 Qxd8 16. Nxd5 cxd5 17. c4 Be7 18. Bf4 b6 19. cxd5 Nxd5 20. Be5 Kb7 21. Rc1 Ne3 22. Qe2 Nxf1 23. Qxf1 Bd6 24. Bd5+ Kb8 25. Qa6 1-0

[Event "*** Titled Tuesday Blitz"]
[Site "Chess.com"]
[Date "2021.03.30"]
[Round "5"]
[White "retropwr"]
[Black "Niktlt"]
[Result "0-1"]
[WhiteElo "2433"]
[BlackElo "2584"]
[TimeControl "180+1"]
[EndTime "10:54:27 PDT"]
[Termination "Niktlt won on time"]

1. c4 Nf6 2. Nf3 g6 3. d4 Bg7 4. g3 O-O 5. Bg2 d6 6. O-O Nc6 7. Nc3 Bf5 8. Ne1 Qc8 9. e4 Bh3 10.
f3 Bxg2 11. Kxg2 e5 12. d5 Nd4 13. Nc2 Nd7 14. Be3 Nxc2 15. Qxc2 f5 16. f4 exf4 17.
Bxf4 Ne5 18. exf5 Rxf5 19. b3 Qd7 20. Rae1 Raf8 21. Ne4 h6 22. Qe2 g5 23. Bd2 Nf3 24. Rd1 Qe8 25. Bc3 Qh5 26. Kh1 g4 27. Bxg7 Kxg7 28.
Qg2 Qg6 29. Nd2 Ne5 30. Rxf5 Qxf5 31. Rf1 Qc2 32. Rxf8 Kxf8 33. Nf1 Qc1 34. Qf2+ Nf3 35. Kg2 h5 36. h3 Kg7 37. hxg4 hxg4 38. Ne3 Ne1+ 39.
Kh2 Nf3+ 40. Kg2 Ne5 41. Nf5+ Kh7 42. Nh4 Qg5 0-1

[Event "*** Titled Tuesday Blitz"]
[Site "Chess.com"]
[Date "2021.03.30"]
[Round "5"]
[White "Perecke"]
[Black "gxbg2000"]
[Result "1-0"]
[WhiteElo "2301"]
[BlackElo "1908"]
[TimeControl "180+1"]
[EndTime "10:54:27 PDT"]
[Termination "Perecke won by resignation"]

1. e4 e5 2. Nf3 Nc6 3. d4 exd4 4. Bc4 Be7 5. O-O d6 6. Nxd4 Nf6 7. Nc3 O-O 8. h3 Ne5 9. Bb3 a6 10. Be3 b5 11. f4 Ng6 12. Bf2 c5 13. Nc6 Qc7 14.
Nxe7+ Qxe7 15. Nd5 Nxd5 16. Bxd5 Ra7 17. e5 Rd7 18. exd6 Qxd6 19. Bf3 Qxf4 20. Qe2 Re7 21. Qd3 c4 22. Qa3 Re6 23. Rad1 Qc7 24. Bc5 Rfe8 25. Bd5 Re2 26. Rxf7 Re1+ 27. Rxe1 Rxe1+ 28. Rf1+ Be6 29. Rxe1 Bxd5 30. Bd6 Qc6 31. Qc5 Bxg2 32. Qxc6 Bxc6 33.
Bg3 Kf7 34. Rd1 Ke6 35. Rd6+ 1-0

[Event "*** Titled Tuesday Blitz"]
[Site "Chess.com"]
[Date "2021.03.30"]
[Round "5"]
[White "KaterynaLagno"]
[Black "guillembaches"]
[Result "1-0"]
[WhiteElo "2684"]
[BlackElo "2466"]
[TimeControl "180+1"]
[EndTime "10:54:28 PDT"]
[Termination "KaterynaLagno won on time"]

1. e4 c5 2. Nf3 d6 3. Bb5+ Bd7 4. Bxd7+ Qxd7 5. c4 e5 6. Nc3 Nc6 7. d3 Be7 8. a3 Bd8 9. Nd5 Nge7 10. b4 O-O 11. O-O cxb4 12. axb4 Nxd5 13. exd5 Nxb4 14. Ba3 Na6 15.
d4 exd4 16. Nxd4 Bb6 17. Bb2 Rac8 18. Qd3 Nc5 19. Qg3 Ne4 20. Qf4 Bxd4 21. Bxd4 f5 22. f3 Rxc4 23. Bxa7 g5 24. Qe3 Nc5 25. Qxg5+ Qg7 26.
Qxg7+ Kxg7 27. Rab1 Rf7 28. Rb5 Kf6 29. Re1 Rc1 30.
Rxc1 1-0

[Event "*** Titled Tuesday Blitz"]
[Site "Chess.com"]
[Date "2021.03.30"]
[Round "5"]
[White "DaroZin"]
[Black "DrCeltic"]
[Result "0-1"]
[WhiteElo "2562"]
[BlackElo "2439"]
[TimeControl "180+1"]
[EndTime "10:54:29 PDT"]
[Termination "DrCeltic won by resignation"]

1. e4 c5 2. Nc3 a6 3. g3 e6 4.
Bg2 Nc6 5. d3 Nf6 6. f4 d6 7.
Nf3 Be7 8. O-O Bd7 9. h3 b5 10. g4 b4 11. Ne2 h6 12. Be3 Qc7 13. c3 bxc3 14. bxc3 c4 15. Ned4 cxd3 16. Qxd3 O-O 17. g5 hxg5 18. fxg5 Nh5 19. Nxc6 Bxc6 20. Nd4 Rac8 21.
g6 e5 22. gxf7+ Rxf7 23. Rxf7 Kxf7 24. Qc4+ Kg6 25. Qe6+ Nf6 26. Nf5 Bf8 27. Ng3 Bd7 28. Qb3 Qxc3 29. Bf1 Qxa1 0-1

[Event "*** Titled Tuesday Blitz"]
[Site "Chess.com"]
[Date "2021.03.30"]
[Round "5"]
[White "Aleksey_Sorokin"]
[Black "Pelopidass"]
[Result "1-0"]
[WhiteElo "2763"]
[BlackElo "2570"]
[TimeControl "180+1"]
[EndTime "10:54:30 PDT"]
[Termination "Aleksey_Sorokin won by resignation"]

1. Nf3 Nf6 2. g3 g6 3. Bg2 Bg7 4. O-O O-O 5. b3 d5 6. Bb2 c5 7. c4 d4 8. e3 Nc6 9. exd4 cxd4 10. Na3 Bg4 11. h3 Bxf3 12. Qxf3 e5 13. d3 Nd7 14.
Rae1 Nc5 15. Nc2 Re8 16. Ba3 Bf8 17. b4 Nd7 18. b5 Na5 19. Bc1 Rc8 20. Bd2 Nc5 21. Nb4 e4 22. Qf4 Bd6 23. Qh6 Bf8 24. Qf4 Bd6 25. Qg4 h5 26. Qd1 b6 27. Bc1 Nxd3 28. Nxd3 exd3 29. Qxd3 Rxe1 30. Rxe1 Bb4 31. Bd5 Qf6 32. Re4 Bd6 33. Rxd4 Re8 34. Kg2 Re1 35.
Be3 h4 36. Rxh4 Qa1 37. Bd4 Rg1+ 38. Kh2 Bxg3+ 39. fxg3 Rh1+ 40. Bxh1 1-0

[Event "*** Titled Tuesday Blitz"]
[Site "Chess.com"]
[Date "2021.03.30"]
[Round "5"]
[White "Michaelson_11"]
[Black "Khnykin_Nikolay"]
[Result "1-0"]
[WhiteElo "2241"]
[BlackElo "2029"]
[TimeControl "180+1"]
[EndTime "10:54:33 PDT"]
[Termination "Michaelson_11 won on time"]

1. e4 c5 2. Nf3 e6 3. d4 cxd4 4.
Nxd4 Nf6 5. Nc3 d6 6. g4 h6 7. Rg1 Be7 8. h4 Nc6 9. Be3 Nxd4 10. Qxd4 e5 11. Qd2 Nxg4 12. Nd5 Bxh4 13. O-O-O Nxe3 14. Nxe3 Bg5 15. Bb5+ Bd7 16. Qxd6 Bxb5 17. Qxe5+ Qe7 18. Qxb5+ Kf8 19. Rd7 Qe6 20. Qxb7 Re8 21. Kb1 Kg8 22. Nd5 1-0

[Event "*** Titled Tuesday Blitz"]
[Site "Chess.com"]
[Date "2021.03.30"]
[Round "5"]
[White "deribas12345"]
[Black "sokidze"]
[Result "1-0"]
[WhiteElo "2609"]
[BlackElo "2780"]
[TimeControl "180+1"]
[EndTime "10:54:35 PDT"]
[Termination "deribas12345 won on time"]

1. d4 Nf6 2. c4 e6 3. Nc3 Bb4 4. f3 c5 5. a3 Bxc3+ 6. bxc3 O-O 7. e3 d6 8. Bd3 b6 9. Ne2 Ba6 10. e4 e5 11. d5 Nbd7 12. g4 Ne8 13. h4 Qe7 14.
Ng3 g6 15. Ra2 f6 16. h5 g5 17. Nf5 Qd8 18. h6 Kh8 19. Qa4 Bc8 20. Qc6 Nb8 21. Qxa8 Qc7 22. a4 Na6 23. Qc6 Qd8 24. a5 Bd7 25. Qb7 Nec7 26. axb6 axb6 27. Rxa6 Bc8 28.
Qxb6 Bxa6 29. Qxd6 Qb8 30. Bxg5 1-0

[Event "*** Titled Tuesday Blitz"]
[Site "Chess.com"]
[Date "2021.03.30"]
[Round "5"]
[White "KubaGepard"]
[Black "BeyondMadness"]
[Result "1-0"]
[WhiteElo "2407"]
[BlackElo "2278"]
[TimeControl "180+1"]
[EndTime "10:54:36 PDT"]
[Termination "KubaGepard won on time"]

1. e4 c5 2. Nf3 d6 3. d4 cxd4 4. Nxd4 Nf6 5. Nc3 a6 6. Be2 e6 7.
Be3 Be7 8. Qd2 Qc7 9. g4 Nc6 10.
g5 Nd7 11. f4 b5 12. a3 Bb7 13. Rf1 Nxd4 14. Bxd4 e5 15. Be3 exf4 16. Bxf4 Ne5 17.
O-O-O Rc8 18. Kb1 O-O 19. h4 Rfd8 20. h5 Nc4 21. Bxc4 Qxc4 22. Nd5 Bxd5 23. exd5 Bf8 24. Qf2 Re8 25. Rd3 Qe4 26. Bd2 Re7 27. Bb4 Rd7 28. Rf3 Qxd5 29. g6 hxg6 30. hxg6 f6 31. Rh3 Qe4 32. Rh8+ 1-0

[Event "*** Titled Tuesday Blitz"]
[Site "Chess.com"]
[Date "2021.03.30"]
[Round "5"]
[White "c63_amg"]
[Black "geordie_derraugh"]
[Result "1-0"]
[WhiteElo "2708"]
[BlackElo "2472"]
[TimeControl "180+1"]
[EndTime "10:54:37 PDT"]
[Termination "c63_amg won by resignation"]

1. e4 c5 2. Nf3 e6 3. Nc3 Nc6 4. Bb5 Nd4 5. Bd3 d6 6. Nxd4 cxd4 7. Ne2 Qb6 8. O-O Nf6 9. c3 dxc3 10. bxc3 Be7 11.
Bc2 Bd7 12. d4 O-O 13. Ng3 Rac8 14. Bd2 e5 15. Rb1 Qa6 16. Re1 exd4 17. cxd4 Qxa2 18. Bd3 b6 19. Ra1 Qb2 20. Rxa7 Qxd4 21. Bg5 Bg4 22. Qd2 Rfe8 23. h3 Be6 24. Nf5 Bf8 25.
Nxd4 1-0

[Event "*** Titled Tuesday Blitz"]
[Site "Chess.com"]
[Date "2021.03.30"]
[Round "5"]
[White "artichaud"]
[Black "IsaacWiebe"]
[Result "1-0"]
[WhiteElo "2114"]
[BlackElo "2289"]
[TimeControl "180+1"]
[EndTime "10:54:37 PDT"]
[Termination "artichaud won by resignation"]

1. e4 e5 2. Nf3 Nc6 3. Bb5 a6 4.
Bxc6 dxc6 5. d3 Bd6 6. Nbd2 f6 7. Nc4 Ne7 8. h3 O-O 9. O-O Be6 10. Nxd6 cxd6 11. d4 Bf7 12. Re1 Ng6 13. Be3 Re8 14. Qd2 Qe7 15. dxe5 dxe5 16. Qc3 Red8 17. Rad1 Rxd1 18.
Rxd1 Rd8 19. Rxd8+ Qxd8 20. Nd2 Nf8 21. a4 Ne6 22. a5 Nd4 23. Bxd4 Qxd4 24. Qxd4 exd4 25. b4 Bg6 26. f3 f5 27. Kf2 fxe4 28. fxe4 Kf7 29.
Ke2 Ke7 30. Kd3 Kd7 31. Kxd4 Kc7 32. Kc5 Kd7 33. c3 h5 34. h4 Bf7 35. g3 Be6 36.
Kb6 Kc8 37. Nf3 Ba2 38. Nd4 Bb1 39. e5 Bh7 40. Ne6 g6 41. Nc5 1-0

[Event "*** Titled Tuesday Blitz"]
[Site "Chess.com"]
[Date "2021.03.30"]
[Round "5"]
[White "Tenamu"]
[Black "nikitakhoroshev"]
[Result "1-0"]
[WhiteElo "2446"]
[BlackElo "2664"]
[TimeControl "180+1"]
[EndTime "10:54:38 PDT"]
[Termination "Tenamu won by resignation"]

1. e4 e5 2. Nf3 Nc6 3. Bb5 a6 4. Ba4 Nf6 5. O-O b5 6. Bb3 Bb7 7. d4 Nxd4 8. Nxd4 exd4 9. e5 Ne4 10. Re1 Nc5 11. Qxd4 Ne6 12. Qg4 h5 13. Qh3 Bc5 14.
Be3 Qe7 15. Nc3 Bxe3 16. Qxe3 Qg5 17. Qxg5 Nxg5 18. f4 Ne6 19. Nd5 O-O-O 20. Rad1 Rdf8 21. Ne7+ Kd8 22. Bxe6 Kxe7 23. Bxd7 h4 24. Bh3 Rd8 25. Kf2 Be4 26. Rxd8 Rxd8 27. Rxe4 Rd1 28. Re1 Rd2+ 29. Re2 Rd1 30. f5 Rb1 31. a3 Rxb2 32. e6 Ra2 33. f6+ gxf6 34. exf7+ Kf8 35. Be6 Rxa3 36.
Bb3 a5 37. Re8+ 1-0

[Event "*** Titled Tuesday Blitz"]
[Site "Chess.com"]
[Date "2021.03.30"]
[Round "5"]
[White "Nayemhaque22"]
[Black "Ermito2020"]
[Result "1/2-1/2"]
[WhiteElo "2370"]
[BlackElo "2510"]
[TimeControl "180+1"]
[EndTime "10:54:38 PDT"]
[Termination "Game drawn by repetition"]

1. c4 e5 2. Nc3 Nf6 3. Nf3 Nc6 4. e3 Bb4 5. Nd5 e4 6. Nxb4 Nxb4 7. Nd4 O-O 8. b3 c5 9. Nb5 d5 10. cxd5 Nfxd5 11. a3 Nd3+ 12. Bxd3 exd3 13. Bb2 a6 14.
Nc3 Nxc3 15. Bxc3 Be6 16. b4 c4 17. O-O Bd5 18. Qg4 f6 19. e4 Bf7 20. f4 Qb6+ 21. Kh1 Qe6 22. f5 Qd6 23. Rae1 Rfe8 24. e5 fxe5 25. Qg3 Qh6 26. Bxe5 Rxe5 27. Rxe5 Qxd2 28.
f6 g6 29. Re7 Rf8 30. Rxf7 Rxf7 31. Qb8+ Rf8 32. f7+ Kg7 33. Qe5+ Kh6 34. Qe7 Kg7 35. Qf6+ Kh6 36. Qe7 Kg7 37. Qf6+ Kh6 38. Qe7 1/2-1/2

[Event "*** Titled Tuesday Blitz"]
[Site "Chess.com"]
[Date "2021.03.30"]
[Round "5"]
[White "AlexPapasimakopoulos"]
[Black "Genghis_K"]
[Result "0-1"]
[WhiteElo "2630"]
[BlackElo "2944"]
[TimeControl "180+1"]
[EndTime "10:54:39 PDT"]
[Termination "Genghis_K won by resignation"]

1. d4 Nf6 2. c4 e6 3. Nc3 Bb4 4. Qc2 b6 5. a3 Bxc3+ 6. Qxc3 Bb7 7. Bg5 h6 8. Bh4 g5 9. Bg3 Ne4 10. Qc2 d6 11. e3 h5 12. f3 Nxg3 13. hxg3 Nd7 14.
O-O-O Qf6 15. g4 hxg4 16. Rxh8+ Qxh8 17. fxg4 Qh4 18. Be2 Qf2 19. Bf3 Qxe3+ 20. Qd2 Qxd2+ 21. Kxd2 c6 22. Ne2 Ke7 23. Rh1 Nf6 24. Nc3 d5 25. cxd5 cxd5 26. Ke3 a6 27. Na4 Bc6 28. Nc3 Rc8 29. Kd3 b5 30. Ke3 Bd7 31. Be2 Ne8 32. Rh5 Kf6 33. Bd3 Nd6 34. Rh6+ Ke7 35. Rh5 Rg8 36. b3 a5 37. Kd2 Kf6 38. Rh6+ Ke7 39.
Rh5 Bc6 40. Ke3 Be8 41. Rh7 Bd7 42. Rh5 Ne8 43. Rh1 Nf6 44. Be2 b4 45. axb4 axb4 46. Na2 Ra8 47. Nxb4 Rb8 48. Nd3 Rxb3 49. Ra1 Bb5 50.
Ra7+ Kf8 51. Kd2 Ne4+ 52. Ke3 Ng3 53. Kf2 Bxd3 0-1

[Event "*** Titled Tuesday Blitz"]
[Site "Chess.com"]
[Date "2021.03.30"]
[Round "5"]
[White "Leo_C"]
[Black "LastHeroJr"]
[Result "1/2-1/2"]
[WhiteElo "2377"]
[BlackElo "2553"]
[TimeControl "180+1"]
[EndTime "10:54:40 PDT"]
[Termination "Game drawn by repetition"]

1. d4 Nf6 2. c4 g6 3. f3 Bg7 4. e4 O-O 5. Nc3 d6 6. Be3 Nc6 7. Nge2 a6 8. Qd2 Bd7 9. h4 Rb8 10. Nf4 Nxd4 11. Bxd4 e5 12. Be3 exf4 13. Bxf4 b5 14.
cxb5 axb5 15. Bg5 Qe8 16. Be2 b4 17. Nd1 Nh5 18. O-O Ng3 19. Re1 Nxe2+ 20. Rxe2 Qe5 21. Be3 Rfe8 22. Nf2 Qg3 23. Bf4 Qxh4 24. Bg5 Qg3 25. Bf4 Qh4 26. Bg5 Qg3 27. Bf4 Qh4 1/2-1/2

[Event "*** Titled Tuesday Blitz"]
[Site "Chess.com"]
[Date "2021.03.30"]
[Round "5"]
[White "AEMEffi"]
[Black "ehrenfeld"]
[Result "0-1"]
[WhiteElo "2263"]
[BlackElo "2506"]
[TimeControl "180+1"]
[EndTime "10:54:40 PDT"]
[Termination "ehrenfeld won by resignation"]

1. d4 Nf6 2. c4 e6 3. Nc3 Bb4 4. e3 b6 5. f3 c5 6. d5 exd5 7. cxd5 O-O 8. Nh3 Re8 9. Be2 d6 10. Nf2 a6 11. a4 Nbd7 12. O-O Ne5 13. e4 Bd7 14. f4 Ng6 15. Bf3 c4 16. Be3 Rc8 17. g3 Qc7 18. Qc2 Bc5 19. Rae1 b5 20.
axb5 axb5 21. Bxc5 Qxc5 22. e5 dxe5 23. f5 Nf8 24. g4 h6 25. Kg2 Qc7 26. h4 N8h7 27.
Qd2 b4 28. Ncd1 c3 29. bxc3 bxc3 30. Qc1 e4 31. Nxe4 Nxd5 32. Ne3 Nf4+ 33. Kg3 Nd3+ 0-1

[Event "*** Titled Tuesday Blitz"]
[Site "Chess.com"]
[Date "2021.03.30"]
[Round "5"]
[White "noblerone"]
[Black "federicosellitti"]
[Result "0-1"]
[WhiteElo "2395"]
[BlackElo "2548"]
[TimeControl "180+1"]
[EndTime "10:54:41 PDT"]
[Termination "federicosellitti won on time"]

1. d4 d5 2. Nf3 Nc6 3. Bg5 h6 4. Bh4 g5 5. Bg3 Bg7 6. c3 Nf6 7. h3 Ne4 8. Bh2 Bf5 9. Nbd2 Qd7 10. e3 O-O-O 11. Bb5 h5 12. Nxe4 Bxe4 13. Nxg5 Bxg2 14.
Rg1 f6 15. Rxg2 fxg5 16. Qf3 Rdf8 17. Qg3 a6 18. Be2 e5 19. Qxg5 Bf6 20. Qg6 Qxh3 21. O-O-O Qe6 22. Qc2 Kb8 23. Rdg1 h4 24. Bg4 Qe8 25.
Kb1 exd4 26. cxd4 h3 27. Rg3 Nb4 28. Qb3 Bh4 29. Rxh3 Qe4+ 30. Kc1 Bxf2 0-1

[Event "*** Titled Tuesday Blitz"]
[Site "Chess.com"]
[Date "2021.03.30"]
[Round "5"]
[White "marianokar"]
[Black "zala02"]
[Result "1-0"]
[WhiteElo "2504"]
[BlackElo "2136"]
[TimeControl "180+1"]
[EndTime "10:54:41 PDT"]
[Termination "marianokar won by checkmate"]

1. e4 e5 2. Nf3 Nc6 3. Bb5 a6 4. Ba4 Nf6 5. O-O Be7 6. Re1 b5 7. Bb3 d6 8. c3 O-O 9. d3 Bb7 10. Nbd2 Nb8 11. Nf1 Nbd7 12. Ng3 g6 13. Bh6 Nc5 14.
Bxf8 Qxf8 15. Bc2 Rd8 16. d4 Ncd7 17. Bb3 Qg7 18. a4 h5 19. axb5 axb5 20. Ra7 Rb8 21. dxe5 dxe5 22. Ng5 Bc5 23. Bxf7+ Kh8 24. Rxb7 Rxb7 25.
Bd5 Rb8 26. Ne6 Qe7 27. h3 Bb6 28. b4 Ra8 29. Bxa8 Qxe6 30. Bd5 Qe7 31. Qf3 Kg7 32. Nf1 Qd6 33. Rd1 c6 34. Bb3 Qc7 35. Ne3 Qa7 36.
Kh2 Qa3 37. Be6 Qa7 38. Rxd7+ Nxd7 39. Qf7+ Kh6 40. Bxd7 Bxe3 41. fxe3 Qxe3 42. Bxc6 Qxc3 43. Qf8+ Kg5 44. h4+ Kxh4 45. Qf6+ Kg4 46. Bd7# 1-0

[Event "*** Titled Tuesday Blitz"]
[Site "Chess.com"]
[Date "2021.03.30"]
[Round "5"]
[White "djano"]
[Black "Jungle_Jaguar"]
[Result "0-1"]
[WhiteElo "2437"]
[BlackElo "2598"]
[TimeControl "180+1"]
[EndTime "10:54:42 PDT"]
[Termination "Jungle_Jaguar won by resignation"]

1. e4 e5 2. Nf3 Nc6 3. d4 exd4 4. Nxd4 Nf6 5. Nxc6 bxc6 6. e5 Qe7 7. Qe2 Nd5 8.
h4 Qe6 9. c4 Nb4 10. a3 Na6 11. b4 d6 12. f4 dxe5 13. fxe5 Be7 14. Nd2 O-O 15. g3 Qg6 16. Ne4 Bg4 17. Qe3 Bxb4+ 18.
axb4 Nxb4 19. Rh2 Rfe8 20. Bb2 Bf5 21. h5 Qg4 22. Bc3 Bxe4 23. Bxb4 Rxe5 24. Be2 Qf5 25. g4 Qc8 26. Bc3 Re8 27. Qd4 f6 28. Kf1 Qe6 29. Rf2 Rad8 30. Qxa7 Qd6 31. Qe3 Bg2+ 32. Kxg2 Rxe3 33. Be1 Qg3+ 34. Kf1 Qh3+ 35. Rg2 Rxe2 36.
Kxe2 Qxg2+ 0-1

[Event "*** Titled Tuesday Blitz"]
[Site "Chess.com"]
[Date "2021.03.30"]
[Round "5"]
[White "HeroString"]
[Black "TeukkaSalama"]
[Result "0-1"]
[WhiteElo "2233"]
[BlackElo "2349"]
[TimeControl "180+1"]
[EndTime "10:54:45 PDT"]
[Termination "TeukkaSalama won by resignation"]

1. d4 d5 2. c4 e6 3. Nf3 Nf6 4.
g3 dxc4 5. Bg2 a6 6. a4 Nc6 7. O-O Bd7 8. Na3 Na5 9. Ne5 Bxa3 10. Rxa3 O-O 11. Qc2 Bc6 12. Nxc6 Nxc6 13. Bxc6 bxc6 14. Qxc4 Qd5 15. Rc3 Ra7 16. Qxc6 Rb8 17. Rd1 Rb4 18. Qc5 Rab7 19. Bg5 Ne4 20. Qxd5 exd5 21. Re3 f6 22.
Bf4 g5 23. f3 gxf4 24. gxf4 Nd6 25. Re7 Nf5 26. Rd7 c6 27. Kf2 Rxd7 0-1

[Event "*** Titled Tuesday Blitz"]
[Site "Chess.com"]
[Date "2021.03.30"]
[Round "5"]
[White "Mikhal867"]
[Black "Korchmar_Vasiliy"]
[Result "0-1"]
[WhiteElo "2424"]
[BlackElo "2639"]
[TimeControl "180+1"]
[EndTime "10:54:47 PDT"]
[Termination "Korchmar_Vasiliy won on time"]

1. c4 c6 2. e4 d5 3. cxd5 cxd5 4. exd5 Nf6 5. Bb5+ Nbd7 6. Nc3 g6 7. Nge2 Bg7 8. O-O O-O 9. Nf4 Nb6 10. Qb3 g5 11. Nfe2 Nbxd5 12. d4 h6 13. Bd2 Be6 14. Bc4 Rc8 15. Rac1 Nxc3 16. Rxc3 Rxc4 17. Rxc4 Ne4 18. Bc3 b5 19. Qxb5 Nd6 20. Qa4 Bxc4 21. Re1 Bxe2 22.
Rxe2 Qc7 23. h4 e6 24. hxg5 hxg5 25. Bd2 Bf6 26. d5 exd5 27. Qg4 Ne4 28. Rxe4 dxe4 29.
Bxg5 Bg7 30. Qxe4 Qe5 31. Qg4 Qxb2 32. a4 Qd4 33. Bf4 Qxa4 34. Qg3 Qa1+ 35. Kh2 a5 36. Bd6 Re8 37. f4 a4 38. f5 Qf6 0-1

[Event "*** Titled Tuesday Blitz"]
[Site "Chess.com"]
[Date "2021.03.30"]
[Round "5"]
[White "biostatistician"]
[Black "rynos0411"]
[Result "0-1"]
[WhiteElo "2535"]
[BlackElo "2420"]
[TimeControl "180+1"]
[EndTime "10:54:47 PDT"]
[Termination "rynos0411 won by resignation"]

1. d4 Nf6 2. Nf3 e6 3. c4 d5 4. Bg5 Bb4+ 5. Nc3 h6 6. Bxf6 Qxf6 7. e3 O-O 8. Rc1 a6 9. a3 Bxc3+ 10. Rxc3 dxc4 11. Bxc4 Nd7 12. Be2 c6 13. O-O Rd8 14.
Qc2 e5 15. Rd1 exd4 16. Rxd4 Nf8 17. Rxd8 Qxd8 18. Rd3 Qe7 19. Qd1 Bf5 20. Rd2 Bg6 21. Bc4 Qc5 22. Ba2 Re8 23. h3 a5 24. Rd4 Kh7 25.
b4 axb4 26. axb4 Qc3 27. Rf4 Ra8 28. Rc4 Qb2 0-1

[Event "*** Titled Tuesday Blitz"]
[Site "Chess.com"]
[Date "2021.03.30"]
[Round "5"]
[White "londonkid"]
[Black "Leonid_Starozhilov"]
[Result "0-1"]
[WhiteElo "2509"]
[BlackElo "2712"]
[TimeControl "180+1"]
[EndTime "10:54:51 PDT"]
[Termination "Leonid_Starozhilov won by checkmate"]

1. d4 Nf6 2. c4 g6 3. Nc3 Bg7 4. Nf3 d6 5. Bg5 O-O 6. e3 Bf5 7. Bd3 Bxd3 8. Qxd3 Nc6 9. O-O h6 10. Bh4 g5 11. Bg3 Nh5 12. Nd2 e6 13. Qe2 Nxg3 14.
hxg3 f5 15. d5 exd5 16. cxd5 Ne5 17. Nc4 f4 18. Nxe5 Bxe5 19. exf4 gxf4 20. gxf4 Rxf4 21. Ne4 Qh4 22. Ng3 Raf8 23. Qc2 Rg4 24. Rae1 Rxg3 25.
fxg3 Bd4+ 26. Rf2 Qxg3 27. Rf1 Rxf2 28. Rxf2 Bxf2+ 29. Qxf2 Qxf2+ 30. Kxf2 Kf7 31. Ke3 Kf6 32. Ke4 Kg5 33. b4 Kg4 34. a4 Kg3 35. Kf5 Kxg2 36.
Kg6 Kf3 37. Kxh6 Ke4 38. Kg6 Kxd5 39. Kf5 Kc4 40. Ke4 Kxb4 41. a5 Kxa5 42. Kd4 Kb5 43. Kd3 Kc6 44. Kc3 a5 45. Kc4 b5+ 46. Kb3 Kb6 47. Kc3 c5 48. Kc2 d5 49. Kb2 a4 50.
Kc2 b4 51. Kb2 c4 52. Ka2 Kc5 53. Kb2 d4 54. Kc2 a3 55. Kb1 b3 56. Kc1 c3 57. Kb1 Kc4 58. Ka1 d3 59. Kb1 d2 60.
Ka1 Kd3 61. Kb1 Ke2 62. Ka1 Ke1 63. Kb1 a2+ 64. Ka1 d1=Q# 0-1

[Event "*** Titled Tuesday Blitz"]
[Site "Chess.com"]
[Date "2021.03.30"]
[Round "5"]
[White "TigrVShlyape"]
[Black "horripile"]
[Result "1-0"]
[WhiteElo "2801"]
[BlackElo "2600"]
[TimeControl "180+1"]
[EndTime "10:54:52 PDT"]
[Termination "TigrVShlyape won by resignation"]

1. e4 c5 2. Nf3 Nc6 3. Nc3 e6 4. Bb5 Nge7 5. O-O Nd4 6. Nxd4 cxd4 7. Ne2 a6 8. Bd3 Nc6 9. c3 Bc5 10. b4 Ba7 11. Bb2 O-O 12. a4 Ne5 13. Bb1 Nc4 14. Bc1 d5 15. d3 Ne5 16. Nxd4 dxe4 17. dxe4 Bd7 18. Bf4 Nc4 19. Bg3 Rc8 20. e5 Nb6 21. Qd3 g6 22. b5 Nd5 23. Ne2 axb5 24. axb5 Bc5 25. c4 Nb6 26. Ba2 Ra8 27. Bb3 Qc7 28. Nc3 Rxa1 29. Rxa1 Ra8 30. Rxa8+ Nxa8 31. Ne4 1-0

[Event "*** Titled Tuesday Blitz"]
[Site "Chess.com"]
[Date "2021.03.30"]
[Round "5"]
[White "Rodalquilar"]
[Black "gaby_przz"]
[Result "1-0"]
[WhiteElo "2649"]
[BlackElo "2461"]
[TimeControl "180+1"]
[EndTime "10:54:52 PDT"]
[Termination "Rodalquilar won on time"]

1. d4 Nf6 2. Bf4 g6 3. e3 Bg7 4. Nf3 O-O 5. Be2 d5 6. O-O c5 7.
c3 Nc6 8. Nbd2 Nd7 9. Qb3 c4 10. Qb5 Nb6 11. b3 Bd7 12. Qc5 Rc8 13. Qa3 cxb3 14.
axb3 Bf5 15. h3 f6 16. c4 g5 17. Bh2 Be6 18. c5 Nd7 19. b4 a6 20. b5 axb5 21. Bxb5 Ra8 22. Qb2 Bf5 23. Rxa8 Qxa8 24.
Ra1 Qc8 25. Qb3 e6 26. e4 dxe4 27. Nxe4 Kh8 28. Nd6 Qd8 29. Nxb7 Qc8 30. Nd6 Qc7 31. Nxf5 1-0

[Event "*** Titled Tuesday Blitz"]
[Site "Chess.com"]
[Date "2021.03.30"]
[Round "5"]
[White "ChristopherYoo"]
[Black "KNCP_719"]
[Result "1-0"]
[WhiteElo "2922"]
[BlackElo "2628"]
[TimeControl "180+1"]
[EndTime "10:54:54 PDT"]
[Termination "ChristopherYoo won on time"]

1. e4 Nf6 2. Nc3 d5 3. exd5 Nxd5 4. Bc4 Nb6 5. Be2 Nc6 6. Nf3 Bg4 7. h3 Bh5 8. O-O e6 9. d3 Bd6 10. Be3 O-O 11. Nd2 Bxe2 12. Qxe2 Nd5 13. Nxd5 exd5 14. d4 Qf6 15. c3 Ne7 16. Rfe1 Nf5 17.
Qd3 Nh4 18. g3 Nf5 19. Nf1 c6 20. Bd2 Rae8 21. Rxe8 Rxe8 22. Re1 Rxe1 23. Bxe1 h5 24.
Bd2 Ne7 25. h4 Qe6 26. Ne3 g6 27. Ng2 Nf5 28. Bf4 Bxf4 29. Nxf4 Qe1+ 30. Kg2 Kg7 31. Nxh5+ Kf8 32. Nf4 Qc1 33. h5 Qxb2 34. hxg6 Ne7 35.
gxf7 Kxf7 36. Qh7+ Ke8 37. Nd3 Qxc3 38. Ne5 Kd8 39.
Qf7 1-0

[Event "*** Titled Tuesday Blitz"]
[Site "Chess.com"]
[Date "2021.03.30"]
[Round "5"]
[White "anon481216"]
[Black "Zkid"]
[Result "0-1"]
[WhiteElo "2510"]
[BlackElo "2836"]
[TimeControl "180+1"]
[EndTime "10:54:58 PDT"]
[Termination "Zkid won by resignation"]

1. d4 d5 2. c4 dxc4 3. e4 Nf6 4. e5 Nd5 5. Bxc4 Nc6 6. Ne2 Bf5 7. O-O e6 8. Nbc3 Nb6 9. Bb3 Qd7 10. Be3 O-O-O 11.
Rc1 Kb8 12. f3 f6 13. exf6 gxf6 14. Ne4 Nd5 15. Bf2 Be7 16. Nc5 Bxc5 17. dxc5 Rhg8 18.
Kh1 Qg7 19. g4 Ndb4 20. Nd4 Nxd4 21. Bxd4 Bd3 22. Bc3 Bxf1 23. Qxf1 Nd5 24. c6 bxc6 25. Bd4 Nb6 26. Bf2 Rge8 27. Rxc6 Qd7 28. Rc1 Qd3 29. Qg2 e5 30. Bc2 Qd2 31. Qg1 Rd6 32. Be4 Red8 33.
Kg2 Qxb2 34. Qf1 Rd2 35. Kg3 Rxf2 36. Qa6 Rg2+ 37. Kh3 Rxh2+ 0-1